 Dungeon Crawl Stone Soup version 0.26-a0-466-g989023bd0d (webtiles) character file.

Game seed: 6730113958542656979

33 vurker the Skirmisher (level 3, -7/33 HPs)
             Began as a Minotaur Delver on Aug 11, 2020.
             Splashed by a jelly's acid (8 damage)
             ... on level 5 of the Dungeon.
             The game lasted 00:00:21 (27 turns).

vurker the Skirmisher (Minotaur Delver)               Turns: 27, Time: 00:00:22

Health: -7/33      AC: -1    Str: 17    XL:     3   Next: 12%
Magic:  2/2        EV: 12    Int:  7    God:
Gold:   0          SH:  0    Dex: 11    Spells: 2/2 levels left

rFire    . . .     SeeInvis .   a - +0 hand axe
rCold    . . .     Faith    .   (no shield)
rNeg     . . .     Spirit   .   b - +0 leather armour
rPois    .         Reflect  .   (helmet restricted)
rElec    .         Harm     .   (no cloak)
rCorr    .                      (no gloves)
MR       .....                  (no boots)
Stlth    ++........             (no amulet)
HPRegen  0.11/turn              (no ring)
MPRegen  0.08/turn              (no ring)

@: corroded
A: retaliatory headbutt, horns 2
a: no special abilities


You were on level 5 of the Dungeon.
You visited 1 branch of the dungeon, and saw 1 of its levels.

Inventory:

Hand Weapons
 a - a +0 hand axe (weapon)
Armour
 b - a +0 leather armour (worn)
Wands
 v - a wand of digging (3)
Scrolls
 c - a scroll of fog
 d - a scroll of magic mapping
 e - a scroll of fear
Potions
 f - a potion of haste


   Skills:
 + Level 4.2 Fighting
 * Level 3.8 Axes
 - Level 2.1 Dodging
 - Level 4.1 Stealth


You had 2 spell levels left.
You didn't know any spells.
Your spell library was empty.

Dungeon Overview and Level Annotations

Branches:
Dungeon (5/15)
 Temple: D:4-7

Altars:
Vehumet


Innate Abilities, Weirdness & Mutations

You reflexively headbutt those who attack you in melee.
You have a pair of horns on your head.


Message History

The puff of flame hits you!
Found a scroll labeled NALIUM RETSUQ.
Found 2 lumpy dark potions.
You completely miss the orc wizard.
The orc shouts!
The orc wizard shouts!
You headbutt the orc wizard.
The orc wizard mumbles some strange words.
The orc wizard blinks!
The orc wizard hits you with a +0 dagger.
You hit the orc wizard. Your headbutt misses the orc wizard. You hit the orc.
The orc wizard closely misses you. You furiously retaliate!
You headbutt the orc wizard!
You kill the orc wizard!
Your Fighting skill increases to level 4!
Your Axes skill increases to level 3!
You have reached level 2!
You have reached level 3!
Your experience leads to an increase in your attributes!
Increase (S)trength, (I)ntelligence, or (D)exterity?
You feel stronger. The orc closely misses you.
You closely miss the orc. The orc closely misses you.
You barely miss the orc. The orc hits you.
* * * LOW HITPOINT WARNING * * *
Unknown command.
You hit the orc but do no damage. You hit the orc. The orc closely misses you.
The orc hits you with a +0 flail.
* * * LOW HITPOINT WARNING * * *
The orc wizard mumbles some strange words.
The orc wizard blinks!
Unknown command.
You hit the orc. x2
You kill the orc!
The orc hits you.
* * * LOW HITPOINT WARNING * * *
The orc hits you but does no damage.
You slash the orc!
You kill the orc!
You hit the jelly.
Your hands burn!
* * * LOW HITPOINT WARNING * * *
The jelly barely misses you. The iguana bites you.
* * * LOW HITPOINT WARNING * * *
You hit the jelly.
Your hands burn!
* * * LOW HITPOINT WARNING * * *
You headbutt the jelly! You slash the iguana!
The orc wizard gestures wildly while chanting.
The orc wizard blinks!
The jelly hits you.
* * * LOW HITPOINT WARNING * * *
The acid corrodes you!
You are splashed with acid!
You die...

#######
....!........#
########....
.....[.#
.......?..#
.......#
#...ยง.o..#
#......#
#Jl..####......###
#@#..#..#........
####...........#..
#..l...###.# ..
#...J......##..
.....##......#...
......5......>#..
....(.###..###.#.#
......# ##.# #.#.#
...... #5..#.J.##


You could see an iguana, a jelly and an orc wizard.

Vanquished Creatures
  An orc wizard (D:5)
  2 orcs (D:5)
3 creatures vanquished.

Notes
Turn   | Place    | Note
-------+----------+-------------------------------------------
     0 | D:5      | vurker the Minotaur Delver began the quest for the Orb.
     0 | D:5      | Reached XP level 1. HP: 19/19 MP: 0/0
     1 | D:5      | Noticed an iguana
     2 | D:5      | Found a radiant altar of Vehumet.
     3 | D:5      | Noticed a jelly
    15 | D:5      | Noticed an orc wizard
    15 | D:5      | Noticed an orc wizard
    21 | D:5      | Killed an orc wizard
    21 | D:5      | Reached XP level 2. HP: 14/27 MP: 1/1
    21 | D:5      | Reached XP level 3. HP: 17/33 MP: 2/2
    27 | D:5      | HP: 1/33 [jelly (1)]
    27 | D:5      | Splashed by a jelly's acid

Illustrated notes

Levels and vault maps discovered:
D:5:      layout_basic, nicolae_overflow_hidden_temple,
          gammafunk_ghost_necromancy, hangedman_decor_growths,
          vehumet_altar_wand_db

Skill      XL: |  1 |
---------------+----+-----
Fighting       | 4 |  4.2
Axes           | 3 |  3.8
Dodging        | |  2.1
Stealth        | |  4.1

Action                   || total
-------------------------++-------
Melee: Hand axe          ||     8
       Headbutt          ||     2
Armor: Leather armour    ||     1
Dodge: Dodged            ||     5

Table legend: (Time is in decaauts)
 A = Elapsed time spent in this place.
 B = Non-inter-level travel time spent in this place.
 C = Inter-level travel time spent in this place.
 D = Time resting spent in this place.
 E = Time spent auto-exploring this place.
 F = Levels seen in this place.
 G = Mean time per level.
                   A        B        C        D        E       F      G
               +--------+--------+--------+--------+--------+-----+--------+
         Total |     28 |     28 |      0 |      0 |      1 |   1 |   28.0 |
       Dungeon |     28 |     28 |      0 |      0 |      1 |   1 |   28.0 |
               +--------+--------+--------+--------+--------+-----+--------+

Top non-repeatable levels by time:
     D:5: 28 daAuts
